 Dungeon Crawl Stone Soup version 0.25.1-8-g42b30a86e7 (webtiles) character file.

Game seed: 8077094583142296608

32952 Clowwww the Severer (level 13, -9/116 HPs)
             Began as a Hill Orc Fighter on Dec 4, 2020.
             Was a Priest of Ashenzari.
             Killed from afar by a wizard (48 damage)
             ... with a crystal spear
             ... on level 14 of the Dungeon.
             The game lasted 00:57:26 (16471 turns).

Clowwww the Severer (Hill Orc Fighter)             Turns: 16471, Time: 00:57:27

Health: -9/116     AC: 20    Str: 22    XL:     13   Next: 67%
Magic:  14/14      EV: 11    Int: 11    God:    Ashenzari [***...]
Gold:   186        SH: 23    Dex: 16    Spells: 12/12 levels left

rFire    + + .     SeeInvis +   B - +11 hand axe of Invincibility {vorpal, rPois rF+} (curse)
rCold    . . .     Gourm    .   R - +5 tower shield {rF+}
rNeg     + . .     Faith    .   u - +10 scale mail "Jeigiamo" {rN+ Int+3}
rPois    +         Spirit   .   (no helmet)
rElec    .         Reflect  .   (no cloak)
rCorr    +         Harm     .   E - +0 pair of gloves
MR       .....                  (no boots)
Stlth    +.........             (no amulet)
HPRegen  0.29/turn              b - ring "Voipt" {+Blink Str-2 Dex+6 Slay+2}
MPRegen  0.14/turn              O - ring of resist corrosion

@: slowed, very slow
A: no striking features
a: Curse Item, Scrying, Renounce Religion, Evoke Blink


You were on level 14 of the Dungeon.
You worshipped Ashenzari.
Ashenzari was most pleased with you.
You were near starving.

You visited 1 branch of the dungeon, and saw 14 of its levels.
You also visited: Gauntlet.

You collected 1020 gold pieces.
You spent 834 gold pieces at shops.

Inventory:

Hand Weapons
 a - a +3 war axe
 i - the +8 trident of the Octopus King {venom, rElec rPois MR+}
   (You took it off a minotaur in a Gauntlet)

   It poisons the flesh of those it strikes.
   It insulates you from electricity.
   It protects you from poison.
   It affects your resistance to hostile enchantments.
 B - the cursed +11 hand axe of Invincibility (weapon) {vorpal, rPois rF+}
   (You found it on level 7 of the Dungeon)

   It inflicts extra damage upon your enemies.
   It protects you from fire.
   It protects you from poison.
   It has a curse placed upon it.
 S - the +6 mace "Giant's Undoing" {protect, MR+ Int-5 Dex+6}
   (You found it in a Gauntlet)

   It grants its wielder temporary protection when it strikes (+7 to AC).
   It affects your intelligence (-5).
   It affects your dexterity (+6).
   It affects your resistance to hostile enchantments.
Missiles
 v - 12 silver javelins (quivered)
 H - 5 boomerangs
Armour
 c - a +0 kite shield
 k - +3 swamp dragon scales
 u - the +10 scale mail "Jeigiamo" (worn) {rN+ Int+3}
   (You found it on level 13 of the Dungeon)

   It affects your intelligence (+3).
   It protects you from negative energy.
 E - a +0 pair of gloves (worn)
 L - a +3 scale mail of magic resistance
 N - the +27 Lear's hauberk
   (You took it off a minotaur in a Gauntlet)
 R - a +5 tower shield of fire resistance (worn)
Jewellery
 b - the ring "Voipt" (left hand) {+Blink Str-2 Dex+6 Slay+2}
   (You found it in a Gauntlet)

   [ring of dexterity]

   It affects your strength (-2).
   It affects your dexterity (+6).
   It affects your accuracy and damage with ranged weapons and melee attacks
   (+2).
   It lets you blink.
 d - the ring of Ofufejeg {Wiz rF+ SInv}
   (You took it off a minotaur in a Gauntlet)

   [ring of wizardry]

   It improves your spell success rate.
   It protects you from fire.
   It lets you see invisible.
 t - an uncursed ring of flight
 x - an uncursed ring of magical power
 O - a ring of resist corrosion (right hand)
 P - an uncursed ring of stealth
Wands
 r - a wand of paralysis (7)
 D - a wand of iceblast (2)
 K - a wand of clouds (3)
 Q - a wand of flame (20)
Scrolls
 l - 4 scrolls of blinking
 n - 4 scrolls of amnesia
 w - a scroll of magic mapping
 y - 6 scrolls of fear
 C - a scroll of enchant weapon
 F - 7 scrolls of teleportation
 J - 4 scrolls of fog
Potions
 e - a potion of haste
 g - a potion of resistance {unknown}
 j - 4 potions of heal wounds
 o - a potion of flight
 p - a potion of invisibility {unknown}
 q - 7 potions of curing
 s - 2 potions of cancellation
 z - 2 potions of stabbing
 A - a potion of mutation {unknown}
 G - 4 potions of berserk rage
 I - 2 potions of brilliance
 M - a potion of magic {unknown}
Comestibles
 f - 30 rations


   Skills:
 + Level 11.5 Fighting
 + Level 15.5(18.0) Axes
 + Level 7.4 Throwing
 + Level 9.6 Armour
 + Level 5.4 Dodging
 + Level 2.9 Stealth
 + Level 11.5 Shields
 + Level 1.6 Evocations


You had 12 spell levels left.
You didn't know any spells.
Your spell library contained the following spells:

 Spells                   Type           Power        Failure   Level  Hunger
 Beastly Appendage        Tmut           #.....       99%         1    ##.....
 Magic Dart               Conj           #...         99%         1    ##.....
 Summon Small Mammal      Summ           #...         99%         1    ##.....
 Blink                    Tloc           N/A          100%        2    ###....
 Call Imp                 Summ           #.......     100%        2    ###....
 Slow                     Hex            #.......     100%        2    ###....
 Call Canine Familiar     Summ           #.......     100%        3    ####...
 Conjure Flame            Conj/Fire      #.......     100%        3    ####...
 Mephitic Cloud           Conj/Pois/Air  #.......     100%        3    ####...
 Spider Form              Tmut/Pois      #.........   100%        3    ####...
 Bolt of Magma            Conj/Fire/Erth #.........   100%        5    ######.
 Iskenderun's Battlesphe  Conj/Chrm      #.......     100%        5    ######.
 Iron Shot                Conj/Erth      #.........   100%        6    #######
 Orb of Destruction       Conj           #.........   100%        7    #######
 Spellforged Servitor     Conj/Summ      #.........   100%        7    #######


Dungeon Overview and Level Annotations

Branches:
Dungeon (14/15)            Temple (0/1) D:7            Lair (0/6) D:8
    Orc (0/2) D:10         Vaults (0/5) D:13        Gauntlet (visited)

Altars:
Ashenzari
Vehumet

Shops:
D:5 %?=[   D:6 %   D:7 (*   D:8 !   D:10 [   D:14 *!


Message History

You hit the fire dragon but do no damage.
The fire dragon is almost dead.
You slash the phantom! You slash the wizard!
You block the fire dragon's attack. x2; The fire dragon tramples you.
You hold your ground!
The wizard gestures wildly while chanting.
The wizard seems to speed up.
You block the phantom's attack.
You slash the fire dragon!
You kill the fire dragon!
The uncursed fire dragon scales are intact enough to wear.
You miss the wizard. You hit the phantom. The wizard casts a spell at you.
The bolt of cold hits you! The wizard hits you but does no damage.
The phantom closely misses you.
You slash the wizard!
The wizard is severely wounded.
You hit the phantom.
The wizard points at you and mumbles some strange words.
The crystal spear hits you!!!
You die...

, #... , #.####
,...... #.# * #.....
{ #.# , .... * #.# *
* * * # *... #.# , ,
* ..,##.## #.#####.#
*
..#.#...####.......#
, *
#......p..(.(....###
** ##.#.[@########.#
##W..# # , .....# *
*♣.....♣# < *
♣♣...♣♣ ♣♣♣♣ * * *,
,, ,* * * * * ,


You could see a wizard (fast) and a phantom.

Vanquished Creatures
  An ironheart preserver (D:13)
  A minotaur (Gauntlet)
  A fire dragon (D:14)
  A hydra (D:12)
  A two-headed ogre (D:10)
  A death knight (D:12)
  2 tengu warriors
  A queen ant (D:11)
  2 skeletal warriors (D:12)
  3 unseen horrors (D:13)
  3 ugly things
  4 cyclopes
  2 deep elf magi (D:13)
  A worldbinder (Gauntlet)
  An oklob plant (D:12)
  Psyche (D:8)
  A gargoyle (D:7)
  A kobold demonologist (D:13)
  An efreet (Gauntlet)
  2 komodo dragons
  5 trolls
  A tengu conjurer (Gauntlet)
  A tyrant leech (Gauntlet)
  5 hornets
  4 hippogriffs
  5 shadows
  11 yaks
  A vampire (D:11)
  5 wraiths
  2 fire elementals (Gauntlet)
  3 hungry ghosts
  3 swamp worms (Gauntlet)
  4 soldier ants
  An acid dragon (D:14)
  3 water moccasins
  A hell hound (Gauntlet)
  7 sky beasts
  4 ice beasts
  7 orc warriors
  2 eyes of draining
  3 black bears
  16 ogres
  2 necrophages
  2 phantoms
  A boggart (Gauntlet)
  5 centaurs
  2 crocodiles
  3 big kobolds
  12 bullfrogs
  2 gnoll sergeants
  A wyvern skeleton (D:6)
  4 scorpions
  An oklob sapling (D:12)
  8 killer bees
  5 wights (D:7)
  7 crimson imps
  4 howler monkeys (D:12)
  A bullfrog zombie (D:12)
  6 jellies
  4 centaur skeletons
  4 gnoll shamans
  11 orc priests
  5 hounds
  10 orc wizards
  4 bullfrog skeletons
  Jessica (D:2)
  Natasha (thrice) (D:2)
  9 iguanas
  23 worker ants
  A worker ant zombie (D:6)
  A howler monkey zombie (D:5)
  51 gnolls
  14 adders
  5 shadow imps
  5 oozes (D:8)
  3 adder skeletons
  4 worms
  A dart slug (D:1)
  4 leopard geckos
  56 orcs
  8 giant cockroaches
  4 hobgoblins
  29 jackals
  3 quokkas
  6 ball pythons (D:12)
  5 bats
  4 frilled lizards
  8 goblins
  A jackal zombie (D:5)
  12 kobolds
  A leopard gecko skeleton (D:6)
  A quokka zombie (D:7)
  5 rats
  4 demonic plants (Gauntlet)
501 creatures vanquished.

Vanquished Creatures (others)
  A centaur (D:7)
  6 fungi (D:8)
  14 plants
21 creatures vanquished.

Grand Total: 522 creatures vanquished

Notes
Turn   | Place    | Note
-------+----------+-------------------------------------------
     0 | D:1      | Clowwww the Hill Orc Fighter began the quest for the Orb.
     0 | D:1      | Reached XP level 1. HP: 19/19 MP: 1/1
   253 | D:1      | Reached XP level 2. HP: 22/27 MP: 2/2
   322 | D:1      | Reached skill level 3 in Axes
   780 | D:1      | Reached XP level 3. HP: 33/33 MP: 3/3
   933 | D:2      | Noticed Natasha
   949 | D:2      | Killed Natasha
   949 | D:2      | Reached XP level 4. HP: 17/40 MP: 4/4
  1195 | D:2      | Noticed Natasha
  1202 | D:2      | Killed Natasha
  1202 | D:2      | Reached skill level 4 in Axes
  1409 | D:2      | Noticed Jessica
  1433 | D:2      | Killed Jessica
  1433 | D:2      | Reached XP level 5. HP: 17/47 MP: 5/5
  1717 | D:2      | Noticed Natasha
  1733 | D:2      | Killed Natasha
  2331 | D:3      | Found a shattered altar of Ashenzari.
  2335 | D:3      | Saw a vision of the Swamp and the Spider Nest.
  2335 | D:3      | Noticed a wolf spider
  2335 | D:3      | Noticed a wolf spider
  2335 | D:3      | Noticed an alligator
  2335 | D:3      | Noticed an alligator
  2335 | D:3      | Noticed an alligator
  2340 | D:3      | Became a worshipper of Ashenzari the Shackled
  2344 | D:3      | Noticed an alligator
  2356 | D:3      | Noticed a centaur
  2371 | D:3      | Killed a centaur
  2371 | D:3      | Reached skill level 5 in Axes
  2371 | D:3      | Reached XP level 6. HP: 17/55 MP: 6/6
  2416 | D:3      | Reached skill level 1 in Dodging
  3202 | D:4      | Reached skill level 6 in Axes
  3317 | D:4      | Noticed a phantom
  3364 | D:4      | Killed a phantom
  3364 | D:4      | Reached skill level 5 in Fighting
  3364 | D:4      | Reached XP level 7. HP: 53/61 MP: 7/7
  3542 | D:4      | Reached skill level 5 in Shields
  3639 | D:5      | Entered Level 5 of the Dungeon
  3676 | D:5      | Found Ahiasyxir's Antique Armour Shoppe.
  3799 | D:5      | Reached skill level 7 in Axes
  3851 | D:5      | Found Durirecolu's Jewellery Boutique.
  3887 | D:5      | Found Meteagyps's Magic Scroll Shop.
  3912 | D:5      | Bought a scroll of remove curse for 39 gold pieces
  3912 | D:5      | Bought a scroll of remove curse for 39 gold pieces
  3912 | D:5      | Bought a scroll of remove curse for 39 gold pieces
  3912 | D:5      | Bought a scroll of identify for 26 gold pieces
  3945 | D:5      | Found Negehec's Food Boutique.
  4329 | D:5      | Reached * piety under Ashenzari
  4396 | D:5      | Reached skill level 8 in Axes
  4396 | D:5      | Reached XP level 8. HP: 25/68 MP: 8/8
  4747 | D:5      | Reached skill level 9 in Axes
  5074 | D:5      | Noticed a wraith
  5088 | D:5      | Killed a wraith
  5374 | D:6      | Reached skill level 5 in Armour
  5466 | D:6      | Reached skill level 10 in Axes
  5466 | D:6      | Reached XP level 9. HP: 42/75 MP: 9/9
  5959 | D:6      | Found Yfuomin's Food Emporium.
  6140 | D:7      | Identified the +11 hand axe of Invincibility {vorpal, rPois
                  | rF+}
  6145 | D:7      | Noticed a gargoyle
  6164 | D:7      | Killed a gargoyle
  6164 | D:7      | Reached skill level 11 in Axes
  6672 | D:7      | Found a radiant altar of Vehumet.
  6808 | D:7      | Reached skill level 1 in Stealth
  6821 | D:7      | Found Jexosm's General Store.
  6825 | D:7      | Bought a scroll of remove curse for 42 gold pieces
  6825 | D:7      | Reached ** piety under Ashenzari
  6952 | D:7      | Found a staircase to the Ecumenical Temple.
  7055 | D:7      | Found Buicas's Weapon Boutique.
  7328 | D:8      | Reached skill level 12 in Axes
  7330 | D:8      | Reached XP level 10. HP: 80/86 MP: 10/10
  7381 | D:8      | Found Qaerr's Distillery.
  7398 | D:8      | Bought a potion of berserk rage for 75 gold pieces
  7398 | D:8      | Bought a potion of curing for 45 gold pieces
  7398 | D:8      | Bought a potion of berserk rage for 75 gold pieces
  7515 | D:8      | Noticed Psyche
  7522 | D:8      | Killed Psyche
  8078 | D:8      | Found a staircase to the Lair.
  8102 | D:8      | Reached skill level 13 in Axes
  8858 | D:9      | Reached XP level 11. HP: 70/95 MP: 11/11
  9089 | D:9      | Reached skill level 14 in Axes
  9292 | D:10     | Entered Level 10 of the Dungeon
  9440 | D:10     | Found a staircase to the Orcish Mines.
  9584 | D:10     | Reached skill level 1 in Throwing
  9746 | D:10     | Noticed a two-headed ogre
  9758 | D:10     | Killed a two-headed ogre
  9959 | D:10     | Found Vagg's Antique Armour Shoppe.
  9962 | D:10     | Bought a fading chain mail for 294 gold pieces
  9962 | D:10     | Identified the cursed +0 chain mail of Catatonia {Harm rF-
                  | Int+3} (You bought it in a shop on level 10 of the Dungeon)
 10322 | D:11     | Noticed a red ugly thing
 10338 | D:11     | Killed a red ugly thing
 10488 | D:11     | Noticed a green ugly thing
 10505 | D:11     | Killed a green ugly thing
 10739 | D:11     | Reached *** piety under Ashenzari
 10746 | D:11     | Noticed a queen ant
 10762 | D:11     | Killed a queen ant
 11262 | D:12     | Noticed a seven-headed hydra
 11267 | D:12     | Killed a seven-headed hydra
 11267 | D:12     | Reached XP level 12. HP: 83/106 MP: 12/12
 11280 | D:12     | Noticed a death knight
 11296 | D:12     | Killed a death knight
 11679 | D:12     | Reached skill level 10 in Fighting
 11928 | D:12     | Reached skill level 1 in Evocations
 12068 | D:12     | Reached skill level 5 in Throwing
 12306 | D:12     | Identified the Handbook of Nature
 13078 | D:12     | Reached skill level 10 in Shields
 13345 | D:13     | Reached skill level 5 in Dodging
 13723 | D:13     | Reached skill level 15 in Axes
 13723 | D:13     | Reached XP level 13. HP: 87/115 MP: 14/14
 14238 | D:13     | Found a gate to the Vaults.
 14238 | D:13     | Noticed an ironheart preserver
 14254 | D:13     | Killed an ironheart preserver
 14641 | D:13     | Identified the +10 scale mail "Jeigiamo" {rN+ Int+3}
 15013 | D:14     | Found Peokkay's Distillery.
 15021 | D:14     | Bought a potion of heal wounds for 80 gold pieces
 15021 | D:14     | Bought a potion of berserk rage for 80 gold pieces
 15026 | D:14     | Found Tukkeol's Assorted Antiques.
 15042 | D:14     | Found a gate leading to a gauntlet.
 15049 | Gauntlet | Entered a Gauntlet
 15049 | Gauntlet | Found a transporter.
 15059 | Gauntlet | Found a transporter.
 15062 | Gauntlet | Found a transporter.
 15063 | Gauntlet | Found a transporter.
 15071 | Gauntlet | Found a transporter.
 15074 | Gauntlet | Found a transporter.
 15075 | Gauntlet | Found a transporter.
 15084 | Gauntlet | Found a transporter.
 15086 | Gauntlet | Found a transporter.
 15087 | Gauntlet | Found a transporter.
 15095 | Gauntlet | Found a transporter.
 15098 | Gauntlet | Found a transporter.
 15099 | Gauntlet | Found a transporter.
 15108 | Gauntlet | Found a transporter.
 15123 | Gauntlet | Identified the ring "Voipt" {+Blink Str-2 Dex+6 Slay+2}
 15774 | Gauntlet | Identified the ring of Ofufejeg {Wiz rF+ SInv}
 15774 | Gauntlet | Noticed a minotaur
 15775 | Gauntlet | Identified the +6 mace "Giant's Undoing" {protect, MR+
                  | Int-5 Dex+6}
 15821 | Gauntlet | Killed a minotaur
 15839 | Gauntlet | HP: 5/116 [poisoned by a minotaur]
 15845 | Gauntlet | HP: 3/116 [poisoned by a minotaur]
 15852 | Gauntlet | HP: 2/116 [poisoned by a minotaur]
 15859 | Gauntlet | HP: 2/116 [poisoned by a minotaur]
 15867 | Gauntlet | HP: 2/116 [poisoned by a minotaur]
 16448 | D:14     | Noticed a fire dragon
 16470 | D:14     | Killed a fire dragon
 16471 | D:14     | Killed from afar by a wizard

Illustrated notes

Levels and vault maps discovered:
D:1:      nzn_arrival_settlement, layout_basic, lemuel_old_faithful
D:2:      layout_rooms, uniq_natasha, uniq_jessica
D:3:      layout_rooms, first_ration, grunt_ashenzari_visionary
          [grunt_ashenzari_visionary_swamp, grunt_ashenzari_visionary_spider]
D:4:      layout_rooms
D:5:      lemuel_castle_with_subvaults [lemuel_castle_interior_carwin_1],
          layout_basic, serial_shops, nicolae_shop_competitors_out_of_business,
          nicolae_shop_competitors_out_of_business, shop, kennysheep_mini_moat,
          minmay_checkerbox
D:6:      layout_gridville, serial_shops, shop
D:7:      layout_loops_cross, fiery_altar_vehumet, minmay_temple_entry_fiery,
          serial_shops, nicolae_shop_crystal, kennysheep_windowed_goal
D:8:      kennysheep_seaside_town, layout_basic, david_lair_shrubbed,
          serial_shops, shop, hangedman_little_slice_of_home, uniq_psyche
D:9:      layout_loops_ring
D:10:     layout_rooms, hiddenorc2_lemuel, serial_shops,
          nicolae_shop_behind_doors
D:11:     layout_cave_pools, minmay_another_anthill
D:12:     layout_roguey, introduction_to_nature_2
D:13:     layout_stronghold, skrybe_vaults_entry_preservation
D:14:     cross_vault, layout_loops_ring, serial_shops, shop, shop, shop,
          gauntlet_entry_generic, kennysheep_nub,
          minmay_shop_enchanted_jewellery

Skill      XL: |  1  2  3  4  5  6  7  8  9 10 11 12 13 |
---------------+----------------------------------------+-----
Fighting       | 4 5 7 8 9 10 11 | 11.5
Axes           | 3 4 5 6 8 10 12 13 14 15 | 15.5
Shields        | 4 5 6 7 9 10 11 | 11.5
Armour         | 4 5 6 7 8 9 |  9.6
Dodging        | 1 2 3 4 5 |  5.4
Stealth        | 1 2 |  2.9
Throwing       | 4 6 7 |  7.4
Evocations     | 1 |  1.6

Action                   |  1- 3 |  4- 6 |  7- 9 | 10-12 | 13-15 || total
-------------------------+-------+-------+-------+-------+-------++-------
Melee: War axe           |    67 |   189 |   344 |       |       ||   600
       Hand axe          |       |       |    68 |   595 |   241 ||   904
Throw: Boomerang         |       |       |       |   176 |    10 ||   186
       Throwing net      |       |       |       |       |     3 ||     3
Invok: Curse Item        |       |     3 |     1 |     1 |     1 ||     6
 Abil: Evoke Flight      |       |       |       |     1 |       ||     1
Evoke: Wand              |       |       |       |     9 |       ||     9
  Use: Scroll            |       |     6 |    14 |     7 |     5 ||    32
       Potion            |       |       |       |     1 |     1 ||     2
 Stab: Held in net/web   |       |       |       |       |     1 ||     1
  Eat: Chunk             |       |     8 |    10 |    15 |     3 ||    36
       Ration            |       |       |     1 |     2 |     1 ||     4
Armor: Scale mail        |    37 |    89 |       |    64 |    42 ||   232
       Swamp dragon scal |       |    27 |   162 |    45 |       ||   234
Dodge: Dodged            |    27 |    88 |   154 |   121 |    60 ||   450
Block: Kite shield       |    45 |   124 |   240 |   238 |    83 ||   730
       Tower shield      |       |       |       |       |    28 ||    28
